 Dungeon Crawl Stone Soup version 0.20-a0-920-gb18bc0f (webtiles) character file.

105 Duffy the Skirmisher (level 4, -7/37 HPs)
             Began as a Demonspawn Fighter on Mar 26, 2017.
             Mangled by a crocodile (11 damage)
             ... in a sewer.
             The game lasted 00:02:26 (1772 turns).

Duffy the Skirmisher (Demonspawn Fighter)           Turns: 1772, Time: 00:02:27

Health: -7/37      AC:  6    Str: 17    XL:     4   Next: 53%
Magic:  0/4        EV:  6    Int:  9    God:
Gold:   133        SH:  8    Dex: 13    Spells: 3/3 levels left

rFire    . . .     SeeInvis .   a - +0 war axe
rCold    + . .     Gourm    .   c - +0 shield
rNeg     . . .     Faith    .   p - +0 scale mail {rC+}
rPois    .         Spirit   +   (helmet restricted)
rElec    .         Reflect  .   (no cloak)
rCorr    .         Harm     .   (no gloves)
MR       .....                  (no boots)
Stlth    ++........             k - amulet of guardian spirit
Regen    0.2/turn               s - ring of stealth
MPRegen  0.1/turn               r - ring of stealth

@: drained
A: horns 1, spiny 2
a: no special abilities


You were in a sewer.
You were not hungry.

You visited 1 branch of the dungeon, and saw 3 of its levels.
You also visited: Sewer.

You collected 133 gold pieces.

Inventory:

Hand Weapons
 a - a +0 war axe (weapon)
Armour
 c - a +0 shield (worn)
 p - a +0 scale mail of cold resistance (worn)
Jewellery
 i - an uncursed ring of positive energy
 k - an amulet of guardian spirit (around neck)
 r - a ring of stealth (right hand)
 s - a ring of stealth (left hand)
Scrolls
 b - a scroll of fear {unknown}
 e - a scroll of recharging {unknown}
 h - 3 scrolls of remove curse {unknown}
 n - a scroll of teleportation {unknown}
 q - a scroll of enchant weapon {unknown}
 t - a scroll of blinking {unknown}
 u - a scroll of random uselessness {unknown}
Potions
 d - a potion of might
 l - a potion of lignification {unknown}
 m - a potion of degeneration {unknown}
 o - a potion of curing {unknown}
Comestibles
 f - 2 bread rations
 g - 3 royal jellies
 j - 6 fruits


   Skills:
 + Level 3.8(2.7) Fighting
 * Level 3.0(2.0) Axes
 + Level 3.0(2.0) Armour
 + Level 3.2(2.2) Shields


You had 3 spell levels left.
You didn't know any spells.

Dungeon Overview and Level Annotations

Branches:
Dungeon (3/15)

Altars:


Innate Abilities, Weirdness & Mutations

You have a pair of small horns on your head.
You are mostly covered in sharp spines.


Message History

The crocodile bites you but does no damage.
Your shield and scale mail prevent you from hitting the crocodile.
The crocodile is heavily wounded.
You block the crocodile's attack. x2
You closely miss the crocodile.
You headbutt the crocodile, but do no damage.
The crocodile is heavily wounded.
You block the crocodile's attack.
You hit the crocodile. Your headbutt misses the crocodile.
The crocodile is heavily wounded.
The crocodile is struck by your spines. The crocodile closely misses you.
You block the crocodile's attack.
You hit the crocodile.
The crocodile is severely wounded.
The crocodile bites you!
Your shield and scale mail prevent you from hitting the crocodile.
You headbutt the crocodile.
The crocodile is almost dead.
The crocodile bites you!
You die...

.#~#.$#
#~~.#
##...##
#..~~.#
##.....##
#..~#...#
##..###~.##
#t~~# #~~.#
#@.## ##.~#
#..# #~.#
#.~# #~.#
#~.# ##.~#
#..~ #...#
##..###~~##
#..~#.~.#
#....~##
#.....#


You could see a crocodile.

Vanquished Creatures
  A worker ant (D:3)
  2 adders (D:2)
  2 oozes (D:1)
  A dart slug (D:1)
  3 leopard geckos
  An orc (D:3)
  4 giant cockroaches (D:3)
  2 goblins
  5 hobgoblins (D:1)
  2 jackals (Sewer)
  2 quokkas (D:2)
  8 bats
  A frilled lizard (D:1)
  8 kobolds
  6 rats
48 creatures vanquished.

Notes
Turn   | Place    | Note
-------+----------+-------------------------------------------
     0 | D:1      | Duffy the Demonspawn Fighter began the quest for the Orb.
     0 | D:1      | Reached XP level 1. HP: 18/18 MP: 1/1
   316 | D:1      | Gained mutation: You are partially covered in sharp spines. [demonic ancestry]
   316 | D:1      | Reached XP level 2. HP: 24/24 MP: 2/2
   728 | D:1      | Gained mutation: You have a pair of small horns on your head. [demonic ancestry]
   728 | D:1      | Reached XP level 3. HP: 29/29 MP: 3/3
  1547 | D:3      | Gained mutation: You are mostly covered in sharp spines. [demonic ancestry]
  1547 | D:3      | Reached XP level 4. HP: 27/37 MP: 4/4
  1680 | D:3      | Found a glowing drain.
  1693 | Sewer    | Entered a sewer
  1751 | Sewer    | Noticed a crocodile
  1772 | Sewer    | Mangled by a crocodile

Vault maps used:
D:1:      minmay_arrival_open_corners, serial_glass, glass_columns_a,
          glass_columns_a, item_on_display_a
D:2:      kennysheep_generic_room_8
D:3:      gup_sewer_entry_pipe
Sewer:    sewer_the_crocodile

Skill      XL: |  1  2  3  4 |
---------------+-------------+-----
Axes           | 2 3 |  3.0
Shields        | 3 |  3.2
Armour         | 3 |  3.0
Fighting       | |  3.8

Action                   |  1- 3 |  4- 6 || total
-------------------------+-------+-------++-------
Melee: War axe           |    84 |    24 ||   108
       Headbutt          |     7 |     8 ||    15
  Eat: Chunk             |     2 |     1 ||     3
Armor: Scale mail        |    35 |    10 ||    45
Dodge: Dodged            |    27 |     7 ||    34
Block: Shield            |    46 |    16 ||    62
